Map: Odyssey LE

Players

Dauntless - Winner!

  • Race: Terran Terran
  • Spawn Location: 11:00

PachaCúteK

  • Race: Terran Terran
  • League: Diamond
  • Spawn Location: 5:00

VOD

Have the link to the VOD?

Description

Time

  • Played on: Dec. 21, 2017, 3:20 p.m.
  • Length: 20:45
Show
View Real Time Build Order
Export as new Build Order

Dauntless Terran - Winner!

Build Orders: Mech 

Get SALT Encoding   

  12  0:00  SCV  
  13  0:12  SCV  
  14  0:18  Supply Depot  
  14  0:25  SCV  
  15  0:28  Refinery  
  15  0:39  SCV  
  16  0:46  Barracks  
  16  0:51  SCV  
  17  1:03  SCV  
  18  1:05  Refinery  
  18  1:10  Supply Depot  
  18  1:15  SCV  
  19  1:28  SCV  
  20  1:40  SCV, Factory  
  20  1:42  Barracks Reactor  
  22  1:56  Orbital Command  
  21  2:26  Command Center  
  21  2:31  Reaper  
  21  2:32  Reaper  
  23  2:40  Factory Tech Lab  
  22  2:59  SCV  
  23  3:11  SCV  
  24  3:25  SCV  
  25  3:35  Factory  
  25  3:36  Factory  
  25  3:38  Widow Mine x2  
  28  3:59  Hellion  
  28  4:00  Hellion  
  28  4:02  SCV x2  
  34  4:14  SCV  
  35  4:24  Orbital Command  
  35  4:28  Factory Tech Lab  
  35  4:30  Factory Tech Lab  
  35  4:45  Orbital Command  
  35  4:49  Armory  
  35  4:52  Armory  
  35  4:55  SCV, Engineering Bay  
  36  5:02  Refinery  
  36  5:04  Refinery  
  36  5:05  Siege Tank  
  40  5:07  SCV  
  40  5:11  Siege Tank  
  41  5:19  SCV  
  30  5:36  SCV  
  31  5:48  SCV  
  32  5:55  Siege Tank  
  35  5:57  Orbital Command  
  35  6:00  Terran Vehicle Weapons Level 1, SCV, Terran Vehicle And Ship Armor Level 1  
  36  6:12  SCV, Widow Mine  
  39  6:24  Thor  
  45  6:28  SCV x2  
  47  6:40  SCV x2  
  49  6:48  Refinery  
  49  6:50  Refinery  
  49  6:52  SCV  
  50  6:55  Thor  
  56  7:03  Missile Turret  
  56  7:08  SCV x2  
  58  7:11  Missile Turret  
  58  7:21  SCV x2  
  60  7:33  Supply Depot  
  60  7:40  Supply Depot  
  60  7:43  Supply Depot  
  60  7:54  Thor  
  60  7:55  Supply Depot  
  66  8:01  Thor  
  66  8:04  Terran Vehicle Weapons Level 2  
  66  8:05  Supply Depot  
  72  8:09  Terran Vehicle And Ship Armor Level 2  
  72  8:12  SCV  
  73  8:14  SCV  
  74  8:21  Building Armor  
  74  8:24  SCV  
  74  8:26  SCV  
  76  8:36  SCV  
  76  8:38  SCV  
  78  8:48  Command Center  
  78  8:56  Thor  
  78  9:00  SCV  
  85  9:19  Command Center  
  85  9:36  SCV x2, Missile Turret  
  87  9:40  Thor  
  93  9:48  SCV x2  
  95  10:02  Hi-Sec Auto Tracking  
  95  10:03  Orbital Command  
  95  10:21  SCV x2, Orbital Command  
  96  10:22  Refinery  
  96  10:23  Refinery  
  96  10:28  Thor x2, Widow Mine x2  
  113  10:38  Planetary Fortress  
  113  10:43  Supply Depot  
  113  10:55  Supply Depot  
  113  11:02  Missile Turret  
  113  11:05  Supply Depot  
  113  11:09  Missile Turret  
  113  11:15  Thor  
  119  11:18  Supply Depot  
  119  11:20  Terran Vehicle Weapons Level 3  
  119  11:22  Terran Vehicle And Ship Armor Level 3  
  119  11:25  Missile Turret  
  119  11:28  Supply Depot  
  119  11:33  SCV x3  
  119  11:34  SCV  
  123  11:42  Supply Depot  
  123  11:46  Sensor Tower  
  88  12:19  SCV  
  88  12:20  SCV x3  
  92  12:23  Thor x2  
  104  12:31  SCV  
  104  12:32  SCV x3  
  108  12:44  SCV x4  
  110  12:45  Missile Turret  
  112  12:54  Refinery  
  112  12:56  SCV x4  
  105  13:06  Thor x2  
  105  13:07  Missile Turret  
  105  13:08  SCV x4  
  121  13:20  SCV x3  
  117  13:32  SCV x3  
  120  13:44  SCV x3  
  123  13:51  Thor  
  129  13:56  SCV x2  
  129  13:57  SCV  
  132  14:03  Refinery  
  132  14:05  Refinery  
  132  14:08  Terran Ship Weapons Level 1  
  114  14:57  Thor x2  
  108  15:48  Thor  
  75  16:13  Thor  
  81  16:51  Thor  
  87  16:59  SCV x3  
  90  17:13  Siege Tank  
  90  17:15  Hellion x2  
  97  17:34  Siege Tank  
  100  17:45  Siege Tank  
  100  17:48  Infernal Pre-Igniter  
  100  17:51  Hellion x2  
  107  18:06  Command Center, Starport  
  107  18:07  Hellion  
  109  18:19  Command Center  
  109  18:31  Thor x2  
  109  18:33  Hellion x2  
  125  18:53  Starport Reactor  
  125  18:54  Hellion x2  
  129  19:14  Hellion  
  129  19:15  Hellion x3  
  129  19:33  Viking x2  
  129  19:36  Hellion x2  
  137  19:42  Orbital Command  
  137  19:47  Orbital Command  
  137  19:57  Thor  
  143  20:01  SCV x2  
  143  20:02  SCV  
  144  20:12  Refinery  
  144  20:13  SCV x2  
  144  20:14  SCV  
  145  20:16  Refinery  
  143  20:25  SCV  
  143  20:26  SCV  
Show
View Real Time Build Order
Export as new Build Order

PachaCúteK Terran 

Build Orders: Reaper Expand 

Get SALT Encoding   

  12  0:01  SCV  
  13  0:13  SCV  
  14  0:23  Supply Depot  
  14  0:25  SCV  
  15  0:30  Refinery  
  15  0:44  SCV  
  15  0:47  Barracks  
  16  0:56  SCV  
  17  1:09  SCV  
  18  1:21  SCV  
  19  1:36  Reaper  
  19  1:38  Orbital Command  
  20  1:49  Command Center  
  20  1:58  Refinery  
  20  2:04  Factory  
  20  2:10  Barracks Reactor  
  20  2:11  SCV  
  21  2:23  SCV  
  21  2:24  Supply Depot  
  22  2:55  SCV  
  23  3:03  Barracks  
  23  3:07  SCV  
  26  3:12  Cyclone  
  26  3:13  Cyclone  
  26  3:16  Orbital Command  
  29  3:21  Marine  
  30  3:37  SCV  
  30  3:39  Marine  
  32  3:49  SCV x2  
  34  3:58  Cyclone x2  
  34  4:00  Barracks Tech Lab x2  
  34  4:01  SCV  
  41  4:04  SCV  
  41  4:05  Ghost Academy  
  42  4:13  SCV  
  43  4:30  Cyclone  
  46  4:48  Supply Depot  
  46  4:50  Supply Depot  
  46  4:51  Supply Depot  
  46  4:57  Supply Depot  
  46  4:58  Supply Depot  
  46  5:09  Ghost  
  45  5:39  Cyclone x2, Ghost  
  53  5:47  Supply Depot  
  53  5:48  Supply Depot  
  51  6:09  SCV x2  
  53  6:14  Command Center  
  53  6:18  Ghost  
  53  6:21  SCV x2  
  57  6:33  SCV x2  
  57  6:39  Engineering Bay  
  59  6:42  Armory  
  59  6:45  SCV x2  
  61  6:47  Ghost  
  63  6:57  SCV x2  
  63  6:58  Ghost Academy  
  65  7:07  Refinery  
  65  7:08  Refinery  
  65  7:09  SCV x2  
  67  7:15  Missile Turret  
  67  7:16  Marauder  
  67  7:21  SCV x2  
  71  7:27  Ghost Academy  
  71  7:33  SCV  
  71  7:35  SCV  
  73  7:37  Marauder  
  75  7:54  Refinery  
  75  7:55  SCV  
  75  7:56  Refinery  
  75  7:58  Missile Turret  
  76  8:10  Missile Turret  
  76  8:13  SCV  
  76  8:16  SCV  
  76  8:19  Orbital Command, Missile Turret  
  78  8:25  SCV  
  79  8:28  SCV  
  79  8:32  Missile Turret  
  80  8:37  SCV  
  80  8:38  Moebius Reactor, Nuke x2  
  80  8:40  SCV  
  82  8:45  Ghost  
  82  8:46  Marine x2  
  82  8:47  Siege Tank  
  89  8:49  SCV x2  
  89  8:52  Missile Turret  
  89  8:53  SCV  
  92  9:02  SCV x2  
  94  9:05  Command Center  
  94  9:07  Factory  
  94  9:08  Factory  
  94  9:10  Factory  
  94  9:13  Missile Turret  
  94  9:16  SCV  
  95  9:17  SCV x2  
  95  9:20  Command Center  
  97  9:28  SCV  
  97  9:29  SCV  
  97  9:30  SCV  
  100  9:32  Sensor Tower  
  100  9:33  Missile Turret  
  100  9:35  Nuke  
  100  9:36  Sensor Tower  
  100  9:37  Ghost  
  102  9:40  SCV, Missile Turret  
  102  9:45  SCV x2  
  105  9:53  SCV  
  105  9:57  SCV x2  
  105  9:59  Factory Tech Lab x2  
  108  10:00  Refinery  
  108  10:04  Command Center  
  108  10:05  Command Center, SCV  
  108  10:06  Ghost  
  111  10:08  Factory Tech Lab  
  111  10:09  SCV x2, Refinery  
  111  10:12  Missile Turret  
  111  10:13  Refinery  
  113  10:17  SCV  
  114  10:21  SCV  
  114  10:25  Ghost Academy  
  114  10:26  Ghost Academy  
  115  10:32  Missile Turret  
  115  10:34  Ghost  
  117  10:38  SCV  
  118  10:45  SCV  
  118  10:49  Missile Turret  
  119  10:50  Planetary Fortress  
  119  10:53  Planetary Fortress  
  119  11:03  Ghost  
  121  11:06  SCV  
  121  11:08  Siege Tank x4  
  121  11:09  Missile Turret  
  121  11:10  Nuke  
  121  11:11  Nuke  
  134  11:32  Missile Turret  
  134  11:40  Siege Tank x3  
  143  12:03  Nuke x2  
  143  12:04  Nuke x3  
  143  12:15  Cyclone, Siege Tank x2  
  152  12:20  Orbital Command x2  
  144  13:33  Nuke  
  144  13:34  Nuke x3  
  142  13:36  Ghost  
  144  13:56  Thor  
  144  13:57  Thor x3  
  144  14:01  Armory, Orbital Command  
  168  14:05  Ghost, Refinery  
  168  14:08  Missile Turret, Refinery  
  168  14:09  Missile Turret x3  
  170  14:10  Missile Turret  
  170  14:24  Orbital Command  
  167  14:33  Ghost  
  118  14:47  Thor x2  
  118  14:48  Siege Tank x2  
  115  15:02  Ghost  
  90  15:09  Nuke  
  87  15:20  Siege Tank x2  
  82  15:30  Ghost, Siege Tank x2  
  79  15:52  Siege Tank x2  
  79  16:02  Siege Tank  
  71  16:16  Siege Tank  
  70  16:23  SCV x2  
  70  16:24  Siege Tank  
  75  16:26  SCV x3  
  75  16:35  SCV x2  
  71  16:40  Siege Tank  
  71  16:41  Siege Tank  
  71  16:46  Marine  
  72  16:48  Siege Tank  
  67  16:56  Siege Tank  
  63  17:04  Marine  
  60  17:10  Refinery  
  60  17:11  Refinery  
  60  17:12  Refinery  
  63  17:18  Barracks  
  63  17:20  Barracks x2  
  63  17:23  Barracks x2  
  48  17:42  SCV x4  
  51  17:54  SCV x4  
  55  18:06  SCV  
  55  18:07  SCV x3  
  55  18:08  Barracks, Barracks Reactor x2  
  55  18:12  Engineering Bay  
  59  18:13  Barracks x2  
  59  18:14  Barracks x2  
  59  18:15  Engineering Bay  
  59  18:18  SCV  
  59  18:19  SCV x3  
  62  18:24  Barracks Reactor  
  62  18:25  Barracks Tech Lab  
  62  18:30  SCV  
  62  18:31  SCV  
  62  18:34  Barracks Tech Lab  
  57  18:59  Barracks  
  57  19:02  Combat Shields  
  57  19:04  Barracks Reactor  
  57  19:06  Barracks Tech Lab x2, Barracks Reactor  
  57  19:08  Barracks Tech Lab  
  53  19:25  Marine  
  53  19:26  Marauder x2, Marine x6  
  53  19:27  Marauder x2  
  53  19:33  Supply Depot x2  
  53  19:35  Supply Depot x2  
  53  19:38  Supply Depot x2  
  51  19:40  Supply Depot  
  51  19:43  Marine x2  
  51  19:44  Marine x4  
  51  19:45  Marauder  
  59  19:48  Marauder x4  
  59  19:49  Starport x2  
  67  19:53  Marine  
  67  19:54  Marine x3  
  67  19:56  Supply Depot  
  67  19:59  Supply Depot  
  68  20:01  Marine x3  
  68  20:02  Supply Depot x2, Marine x2  
  63  20:09  Marauder x3  
  63  20:10  Marine  
  63  20:11  Marine x2  
  63  20:12  Marine x2  
  69  20:19  Marine x3  
  58  20:24  Marine x2  
  58  20:25  Supply Depot  
  58  20:26  Supply Depot  
Tags
 
Composition
Mech
League
Diamond
Matchup
TvT
Race
Terran
Spawn Locations
Cross Positions
Add a new tag
Caveats
  • Supply blocks, unpowered buildings, or Contaminate may cause inaccurate times.
  • Supply counts are checked every 10 seconds.